 Dungeon Crawl Stone Soup version 0.31.0-1-g2c135a008e (webtiles) character file.

Game seed: 2967309844136313476

112 qw the Shooter (level 5, 0/40 HPs)
             Began as a Djinni Hunter on Jan 23, 2024.
             Slain by a river rat (5 damage)
             ... summoned by Eustachio
             ... on level 3 of the Dungeon.
             The game lasted 00:00:09 (2335 turns).

qw the Shooter (Djinni Hunter)                      Turns: 2335, Time: 00:00:09

Health: 0/40       AC:  6    Str: 10    XL:     5   Next: 16%
Gold:   188        EV: 13    Int: 11    God:
                   SH:  0    Dex: 18

rFire   + + .        a - +0 shortbow
rCold   x . .        (shield currently unavailable)
rNeg    . . .        c - +0 leather armour
rPois   inf          (no helmet)
rElec   .            (no cloak)
rCorr   .            g - +0 pair of gloves
SInv    .            (boots unavailable)
Will    .....        (no amulet)
Stlth   ++           (no ring)
HPRegen 0.26/turn    (no ring)
MPRegen 0.00/turn

%: clarity, infuse magic (-1 HP)
@: flying
A: sickness immunity, fire resistance 2, cold vulnerability 1, float, innate
caster, HP casting, extra vitality 1, iridescent scales 1, clarity
a: no special abilities


You were on level 3 of the Dungeon.
You visited 1 branch of the dungeon, and saw 4 of its levels.

You collected 188 gold pieces.


Innate Abilities, Weirdness & Mutations

You are immune to sickness and miasma.
You are immune to poison.
Your flesh is very heat resistant. (rF++)
You are vulnerable to cold. (rC-)
You float through the air rather than walking.
You learn spells naturally, not from books.
Your magical power is your life essence.
You have superior vitality. (+4 MHP)
You are partially covered in iridescent scales. (AC +2)
You possess an exceptional clarity of mind.


   Skills:
 - Level 3.0 Fighting
 + Level 4.1 Ranged Weapons
 - Level 3.4 Dodging
 - Level 0.7 Stealth


You knew the following spells:

 Your Spells              Type           Power      Damage    Failure   Level
a - Freeze                Ice            0%         1d3       43%         1
b - Jinxbite              Hex            0%         N/A       58%         2
Your spell library was empty.

Inventory:

Hand Weapons
 a - a +0 shortbow (weapon)
Armour
 c - a +0 leather armour (worn)
 g - a +0 pair of gloves (worn)
Potions
 d - a potion of curing

Dungeon Overview and Level Annotations

Branches:
Dungeon (4/15)
 Temple: D:4-7

Altars:

Shops:
D:3 =

Annotations:
D:3 Eustachio


Message History

Eustachio blinks!
You shoot an arrow.
The arrow hits the iron imp but does no damage.
The iron imp is moderately wounded.
The iron imp hits you.
The iron imp hits you but does no damage.
You shoot an arrow. The arrow barely misses the iron imp.
The arrow hits the iron imp!
The iron imp is almost dead.
You shoot an arrow.
The arrow hits the iron imp but does no damage.
The iron imp is moderately wounded.
The iron imp hits you.
You shoot an arrow. The arrow barely misses the iron imp.
The arrow hits the iron imp.
You kill the iron imp!
The iron imp disappears in a puff of smoke!
The iron imp misses you.
You shoot an arrow.
The arrow hits the iron imp but does no damage.
The iron imp is moderately wounded.
The iron imp hits you.
Eustachio mumbles some strange words.
The iron imp hits you.
You shoot an arrow. The arrow hits the iron imp.
The iron imp is heavily wounded.
The ufetubus disappears in a puff of smoke!
The iron imp disappears in a puff of smoke!
You shoot an arrow. The arrow hits the river rat.
The river rat is heavily wounded.
The river rat misses you.
You shoot an arrow. The arrow closely misses the river rat.
The arrow hits Eustachio.
Eustachio is heavily wounded.
The river rat barely misses you.
You shoot an arrow. The arrow barely misses the river rat.
The arrow hits Eustachio.
Eustachio is heavily wounded.
The river rat bites you.
You die...

####.......# #####..###..........
...'.......#######....+...>......
####...............####..........
........##............)..........
.......................###+#####.
....###.##.............# #.# #.
........##.............# #.# ###.
....###'###............###'###.'.
.##%.......#####@#.............#.
.##........# #r######........#.
.##........#####@5# #........##
.##.###'#####...#5## ##..........
....# #.# #.#.#5.# #...#.......
.#### #.# #.#.##.# #...#.##....
#######.#####.#.##.# #...+.###'##
.....##.........##.###...### ##..
##.##########.####...@...######..


You could see Eustachio, 2 iron imps, a quasit (summoned) and a river rat
(summoned).

Vanquished Creatures
  A hound (D:3)
  3 adders (D:2)
  2 ribbon worms (D:2)
  A dart slug (D:2)
  4 bats
  3 endoplasms
  4 giant cockroaches
  4 goblins
  6 hobgoblins
  4 quokkas
  4 ball pythons
  2 frilled lizards
  2 kobolds (D:2)
  7 rats
47 creatures vanquished.

Notes
Turn   | Place    | Note
-------+----------+-------------------------------------------
     0 | D:1      | qw the Djinni Hunter began the quest for the Orb.
     0 | D:1      | Reached XP level 1. HP: 18/18 MP: 0/0
     0 | D:1      | 0 ||| qw: Version: 0.3-a-136-gdd3b4e8
     0 | D:1      | 0 ||| qw: Game counter: 1165
     0 | D:1      | 0 ||| qw: Melee chars always use a shield: true
     0 | D:1      | 0 ||| qw: God list: Okawaru
     0 | D:1      | 0 ||| qw: Allow faded altars: false
     0 | D:1      | 0 ||| qw: Do Orc after clearing Dungeon:15 true
     0 | D:1      | 0 ||| qw: Do second Lair branch before Depths: true
     0 | D:1      | 0 ||| qw: Lair rune preference: random
     0 | D:1      | 0 ||| qw: Goals: Normal
     0 | D:1      | 0 ||| PLANNING D:1-11
   146 | D:1      | Reached XP level 2. HP: 23/23 MP: 0/0
   683 | D:1      | 683 ||| DROPPING +6 ring of intelligence.
   684 | D:1      | 684 ||| READING scroll labelled DODOETEATYPH.
   685 | D:1      | 685 ||| READING scroll labelled NULEIN QOKHU.
   686 | D:1      | 686 ||| READING scroll labelled OTUTHR XACO.
   729 | D:1      | 729 ||| DROPPING scroll of butterflies.
   812 | D:2      | Reached XP level 3. HP: 24/28 MP: 0/0
   812 | D:2      | Learned a level 1 spell: Freeze
   816 | D:2      | Reached skill level 4 in Ranged Weapons
  1025 | D:2      | Reached XP level 4. HP: 34/34 MP: 0/0
  1258 | D:2      | Reached skill level 3 in Fighting
  1612 | D:2      | 1612 ||| READING scroll labelled IKHLOU ZOCE.
  1612 | D:2      | 1612 ||| ENCHANTING +0 shortbow.
  1629 | D:3      | Found Guplump's Jewellery Emporium.
  1644 | D:3      | 1644 ||| SHOPLISTING +5 ring of evasion (504 gold, have
                  | 144).
  1644 | D:3      | 1644 ||| SHOPLISTING Hermit's Pendant {Faith Invo=14 Evo=0
                  | MP+5} (805 gold, have 144).
  1644 | D:3      | 1644 ||| SHOPLISTING amulet of reflection (420 gold, have
                  | 144).
  1644 | D:3      | 1644 ||| SHOPLISTING ring of ice (350 gold, have 144).
  1644 | D:3      | 1644 ||| SHOPLISTING ring of positive energy (280 gold,
                  | have 144).
  2208 | D:3      | 2208 ||| UPGRADING to +0 pair of gloves.
  2213 | D:3      | 2213 ||| READING 2 scrolls labelled EKHOLEILIE.
  2213 | D:3      | 2213 ||| IDENTIFYING metallic ruby potion
  2214 | D:3      | 2214 ||| READING scroll of identify.
  2214 | D:3      | 2214 ||| IDENTIFYING 2 lumpy purple potions
  2215 | D:3      | 2215 ||| DRINKING 3 amethyst potions.
  2215 | D:3      | Gained mutation: You are partially covered in iridescent
                  | scales. (AC +2) [potion of mutation]
  2215 | D:3      | Gained mutation: You are dopey. (Int -2) [potion of
                  | mutation]
  2215 | D:3      | Gained mutation: You have supernaturally acute eyesight.
                  | (SInv) [potion of mutation]
  2216 | D:3      | 2216 ||| DRINKING 2 potions of mutation.
  2216 | D:3      | Lost mutation: You have supernaturally acute eyesight.
                  | (SInv) [potion of mutation]
  2216 | D:3      | Lost mutation: You are dopey. (Int -2) [potion of mutation]
  2216 | D:3      | Gained mutation: You expend health (3 HP) to strengthen
                  | your wands. [potion of mutation]
  2217 | D:3      | 2217 ||| DRINKING potion of mutation.
  2217 | D:3      | Lost mutation: You are partially covered in iridescent
                  | scales. (AC +2) [potion of mutation]
  2217 | D:3      | Lost mutation: You expend health (3 HP) to strengthen your
                  | wands. [potion of mutation]
  2217 | D:3      | Gained mutation: You possess an exceptional clarity of
                  | mind. [potion of mutation]
  2217 | D:3      | Gained mutation: You are partially covered in iridescent
                  | scales. (AC +2) [potion of mutation]
  2218 | D:3      | 2218 ||| DROPPING 2 potions of degeneration.
  2250 | D:4      | Noticed Eustachio
  2251 | D:4      | 2251 ||| STAIRDANCE
  2258 | D:3      | Reached skill level 3 in Dodging
  2258 | D:3      | Reached XP level 5. HP: 31/40 MP: 0/0
  2258 | D:3      | Learned a level 2 spell: Jinxbite
  2300 | D:4      | 2300 ||| STAIRDANCE
  2305 | D:3      | 2305 ||| FLEEEEING.
  2306 | D:3      | 2306 ||| FLEEEEING.
  2309 | D:3      | 2309 ||| FLEEEEING.
  2310 | D:3      | 2310 ||| FLEEEEING.
  2311 | D:3      | 2311 ||| FLEEEEING.
  2313 | D:3      | 2313 ||| FLEEEEING.
  2314 | D:3      | 2314 ||| FLEEEEING.
  2315 | D:3      | 2315 ||| FLEEEEING.
  2316 | D:3      | 2316 ||| FLEEEEING.
  2317 | D:3      | 2317 ||| FLEEEEING.
  2318 | D:3      | 2318 ||| RETREEEEATING.
  2329 | D:3      | HP: 8/40 [iron imp[Eustachio] (4)]
  2335 | D:3      | Slain by a river rat

Levels and vault maps discovered:
D:1:      lightli_arrival_farm, layout_loops_ring, minmay_indecisive_spiral
D:2:      layout_basic, kennysheep_generic_room_2
D:3:      layout_basic, serial_shops, shop
D:4:      layout_basic, makhleb_altar_promises_db, kennysheep_mini,
          minmay_crystal_water, minmay_between, uniq_eustachio

Skill      XL: |  1  2  3  4 |
---------------+-------------+-----
Ranged Weapons | 4 |  4.1
Fighting       | 3 |  3.0
Dodging        | 3 |  3.4
Stealth        | |  0.7

Action                     |  1- 3 |  4- 6 || total
---------------------------+-------+-------++-------
   Fire: Shortbow          |    78 |   111 ||   189
    Use: Scroll            |     3 |     3 ||     6
         Potion            |       |     3 ||     3
 Armour: Leather armour    |    23 |    38 ||    61
  Dodge: Dodged            |    33 |    25 ||    58

Table legend:
 A = Non-vault XP
 B = Vault XP
 C = Vault XP percentage of total XP
 D = Non-vault monster count
 E = Vault monster count
 F = Vault count percentage of total count
                 A         B        C        D         E       F
            +---------+---------+-------+---------+---------+-------
      Total |     150 |      10 |   6.2 |      41 |       6 |  12.8
            +---------+---------+-------+---------+---------+-------
        D:1 |      16 |       7 |  30.4 |      10 |       4 |  28.6
        D:2 |      79 |       3 |   3.7 |      21 |       2 |   8.7
        D:3 |      55 |       0 |   0.0 |      10 |       0 |   0.0
            +---------+---------+-------+---------+---------+-------
